Map: [ESL] Data-C

Players

Serral

  • Race: Zerg Zerg
  • Spawn Location: 9:00

herO - Winner!

  • Race: Protoss Protoss
  • Spawn Location: 3:00

VOD

Have the link to the VOD?

Description

Time

  • Played on: Nov. 4, 2022, 10:52 a.m.
  • Length: 8:57
Show
View Real Time Build Order
Export as new Build Order

Serral Zerg 

Build Orders: Hatch First 

Get SALT Encoding   

  12  0:00  Drone  
  13  0:12  Overlord  
  13  0:16  Drone  
  14  0:30  Drone x2  
  16  0:47  Hatchery  
  15  0:50  Drone  
  15  0:54  Drone  
  18  0:57  Drone  
  18  1:09  Extractor  
  17  1:12  Spawning Pool  
  17  1:16  Drone  
  17  1:19  Drone  
  18  1:27  Drone  
  19  1:38  Drone  
  20  1:50  Overlord  
  20  1:59  Queen x2  
  20  2:00  Zergling x4  
  26  2:10  Drone x2  
  26  2:12  Metabolic Boost  
  28  2:21  Drone x2  
  30  2:34  Hatchery  
  30  2:35  Drone  
  30  2:37  Drone  
  30  2:44  Queen  
  31  2:49  Overlord  
  31  2:51  Drone  
  34  2:54  Drone  
  34  2:55  Drone  
  36  3:03  Overlord  
  36  3:06  Queen  
  36  3:12  Drone x3  
  41  3:13  Drone  
  41  3:16  Drone  
  43  3:20  Drone  
  43  3:23  Queen  
  46  3:30  Drone  
  46  3:32  Overlord  
  47  3:40  Drone  
  47  3:41  Drone x2  
  50  3:42  Drone  
  50  3:44  Drone  
  50  3:47  Queen  
  50  3:48  Overlord  
  54  3:49  Drone  
  54  3:55  Drone x2  
  57  3:56  Roach Warren  
  57  4:00  Drone  
  57  4:01  Drone  
  58  4:04  Overlord  
  58  4:07  Drone  
  58  4:08  Drone x2  
  61  4:12  Lair, Extractor  
  61  4:14  Extractor  
  61  4:15  Drone  
  60  4:19  Drone x2  
  60  4:24  Zergling x8  
  66  4:30  Zergling x2  
  66  4:31  Zergling x6  
  70  4:36  Spore Crawler x2  
  70  4:37  Overlord  
  70  4:38  Zergling x2  
  69  4:43  Overlord  
  69  4:48  Zergling x6  
  69  4:52  Overlord  
  68  5:03  Drone x5  
  68  5:06  Drone x4  
  77  5:10  Drone x2  
  77  5:12  Glial Reconstitution  
  79  5:14  Extractor  
  79  5:17  Overlord  
  79  5:19  Drone x2  
  81  5:21  Drone x2  
  81  5:25  Roach x4  
  89  5:33  Overlord, Spine Crawler  
  89  5:34  Roach  
  90  5:37  Roach  
  94  5:43  Roach x4  
  94  5:48  Ravager x3  
  94  5:49  Overlord  
  102  5:51  Queen  
  102  5:54  Roach x2  
  108  6:00  Roach  
  97  6:12  Roach x7  
  97  6:13  Roach  
  97  6:14  Roach  
  97  6:16  Roach x2  
  105  6:21  Roach  
  92  6:28  Roach  
  92  6:29  Roach  
  92  6:30  Roach  
  90  6:37  Roach  
  90  6:39  Queen, Roach  
  92  6:40  Queen x2  
  92  6:44  Roach x2  
  92  6:46  Roach  
  98  6:47  Roach  
  98  6:49  Roach  
  98  6:52  Roach  
  100  6:55  Roach  
  100  6:59  Roach  
  94  7:03  Roach  
  94  7:06  Roach  
  95  7:09  Roach  
  95  7:14  Roach  
  95  7:17  Roach  
  95  7:18  Queen  
  95  7:20  Roach  
  95  7:24  Roach  
  95  7:28  Roach  
  97  7:31  Roach  
  97  7:35  Roach  
  95  7:42  Roach x2  
  97  7:46  Queen  
  97  7:48  Roach  
  97  7:49  Roach  
  97  7:50  Roach  
  97  7:51  Roach x2  
  103  7:54  Roach  
  103  7:55  Roach  
  103  7:59  Roach  
  103  8:04  Roach x2  
  105  8:06  Roach  
  105  8:09  Roach  
  98  8:13  Roach  
  98  8:17  Roach  
  89  8:20  Roach  
  89  8:25  Roach  
  82  8:28  Roach  
  82  8:31  Roach  
  70  8:35  Roach  
  70  8:37  Roach  
Show
View Real Time Build Order
Export as new Build Order

herO Protoss - Winner!

Build Orders: 1 Gate Expand 

Get SALT Encoding   

  12  0:00  Probe  
  13  0:12  Probe  
  14  0:18  Pylon  
  14  0:25  Probe (Chrono Boost)  
  15  0:29  Assimilator  
  15  0:37  Probe (Chrono Boost)  
  15  0:42  Probe (Chrono Boost)  
  16  0:47  Gateway  
  17  0:53  Probe  
  18  1:05  Probe  
  19  1:18  Probe  
  20  1:24  Nexus  
  20  1:34  Cybernetics Core  
  20  1:36  Probe  
  21  1:42  Assimilator  
  21  1:48  Probe  
  21  1:50  Pylon  
  22  2:00  Probe  
  23  2:10  Adept  
  23  2:11  Robotics Facility  
  23  2:13  Probe (Chrono Boost)  
  26  2:16  Warp Gate  
  27  2:23  Probe (Chrono Boost)  
  27  2:29  Probe (Chrono Boost)  
  28  2:36  Probe (Chrono Boost)  
  29  2:40  Stalker  
  32  2:45  Probe x2 (Chrono Boost)  
  32  2:50  Probe (Chrono Boost)  
  33  2:52  Probe  
  35  2:59  Observer (Chrono Boost)  
  35  3:01  Robotics Bay  
  35  3:03  Probe  
  35  3:04  Probe  
  38  3:16  Warp Prism (Chrono Boost)  
  40  3:20  Gateway  
  40  3:22  Probe x2  
  42  3:35  Probe x2  
  42  3:38  Pylon  
  42  3:40  Pylon  
  44  3:45  Twilight Council  
  44  3:52  Disruptor (Chrono Boost), Probe x2  
  49  4:03  Gateway  
  49  4:05  Gateway  
  49  4:06  Gateway  
  49  4:12  Gateway  
  49  4:18  Charge (Chrono Boost), Immortal, Gateway  
  53  4:34  Gateway  
  53  4:37  Adept x2  
  57  4:46  Pylon  
  57  4:50  Pylon  
  57  5:04  Zealot x5  
  67  5:12  Pylon x2  
  67  5:15  Observer  
  67  5:25  Zealot x5  
  77  5:34  Zealot x2  
  81  5:52  Sentry x2  
  81  5:53  Zealot x2, Sentry x2  
  93  6:05  Pylon  
  79  6:19  Disruptor (Chrono Boost)  
  79  6:21  Zealot x8  
  74  6:45  Zealot x8  
  84  6:47  Disruptor (Chrono Boost)  
  74  7:06  Zealot x5  
  80  7:12  Zealot x2  
  76  7:28  Zealot x4  
  76  7:29  Zealot  
  84  7:31  Zealot  
  78  7:49  Zealot x4  
  84  7:53  Zealot  
  84  7:54  Zealot x2  
  82  7:59  Zealot  
  82  8:14  Zealot x6  
  80  8:36  Zealot x6  
Tags
 
Add a new tag
Caveats
  • Supply blocks, unpowered buildings, or Contaminate may cause inaccurate times.
  • Supply counts are checked every 10 seconds.